 Dungeon Crawl Stone Soup version 0.30-a0-540-g0af01429fa (webtiles) character file.

Game seed: 14053617532476801640

815 oldriver the Sneak (level 7, 0/91 (96) HPs)
             Began as a Naga Artificer on Dec 26, 2022.
             Slain by a wight
             ... wielding a +3 falchion
              (1 damage)
             ... on level 5 of the Dungeon.
             The game lasted 00:08:34 (4698 turns).

oldriver the Sneak (Naga Artificer)                 Turns: 4698, Time: 00:08:35

HP:   0/91 (96)     AC: 11    Str: 14    XL:     7   Next: 94%
MP:   7/7           EV:  1    Int: 11    God:
Gold: 214           SH:  0    Dex: 19    Spells: 6/6 levels left

rFire   . . .      SeeInvis +    w - +8 falchion "Oqown" {vorpal, Dex+5}
rCold   . . .      Faith    .    (no shield)
rNeg    . . .      Spirit   .    (body armour currently unavailable)
rPois   +          Reflect  .    (helmet currently unavailable)
rElec   .          Harm     .    (cloak currently unavailable)
rCorr   .          Rampage  .    (gloves currently unavailable)
Will    .....      NoTele   +    (no barding)
Stlth   ++++                     (no amulet)
HPRegen 0.35/turn                (no ring)
MPRegen 0.10/turn                (no ring)

@: tree-form, corroded, lightly drained
A: stationary, stasis, torment immunity, boosted hp, AC +2, large, see
invisible, (deformed body), (poison resistance), (slowness 2), spit poison 1,
(naga tail 1)
a: Spit Poison


You were on level 5 of the Dungeon.
You were a tree.
You visited 2 branches of the dungeon, and saw 6 of its levels.
You also visited: Sewer.

You collected 214 gold pieces.

Inventory:

Hand Weapons
 a - a +0 short sword of electrocution
 b - a +0 sling of chaos
 w - the +8 falchion "Oqown" (weapon) {vorpal, Dex+5}
   (You took it off a gnoll on level 3 of the Dungeon)

   It inflicts extra damage upon your enemies.
   Dex:       It affects your dexterity (+5).
Missiles
 p - 15 poisoned darts
 u - 3 throwing nets
Armour
 i - a +1 leather armour (melded)
Jewellery
 m - an amulet of faith
Wands
 c - a wand of flame (8)
 d - a wand of charming (12)
 e - a wand of iceblast (3)
Scrolls
 f - 3 scrolls of enchant armour
 k - a scroll of blinking {unknown}
 t - a scroll of magic mapping
 v - a scroll of identify
 y - a scroll of amnesia {unknown}
Potions
 h - 2 potions of lignification
 j - a potion of mutation {unknown}
 l - a potion of haste
 n - a potion of resistance {unknown}
 o - 2 potions of flight
 r - 2 potions of curing
 x - a potion of magic {unknown}
 z - 3 potions of brilliance {unknown}
 A - a potion of might {unknown}
 B - a potion of berserk rage {unknown}


   Skills:
 + Level 4.2 Fighting
 - Level 4.4(4.8) Short Blades
 * Level 2.9(4.1) Long Blades
 - Level 1.5 Armour
 + Level 1.7 Dodging
 + Level 6.9 Stealth
 - Level 3.0 Evocations


You had 6 spell levels left.
You didn't know any spells.
Your spell library contained the following spells:

 Spells                   Type           Power      Damage    Failure   Level
 Beastly Appendage        Tmut           0%         N/A       34%         1
 Summon Small Mammal      Summ           0%         N/A       34%         1
 Wereblood                Tmut           0%         N/A       47%         2
 Call Canine Familiar     Summ           0%         N/A       71%         3
 Spider Form              Tmut/Pois      0%         N/A       71%         3
 Summon Guardian Golem    Hex/Summ       0%         N/A       71%         3


Dungeon Overview and Level Annotations

Branches:
Dungeon (5/15)             Temple (1/1) D:4           Sewer (visited)

Altars:
Ashenzari
Cheibriados
Dithmenos
Fedhas
Gozag
Kikubaaqudgha
Nemelex Xobeh
Okawaru
Qazlal
Ru
Sif Muna
Trog
Uskayaw
Vehumet
Xom
Yredelemnul
Zin
The Shining One

Annotations:
D:5 Eustachio


Innate Abilities, Weirdness & Mutations

You are a tree.
Your roots penetrate the ground, keeping you stationary.
You cannot be teleported.
You are immune to unholy pain and torment.
Your maximum health is greatly increased.
Your equipment is partially melded.
((Your serpentine skin is tough. (AC +2)))
You have supernaturally acute eyesight. (SInv)
((Armour fits poorly on your strangely shaped body.))
((Your system is resistant to poisons. (rPois)))
((You cover ground very slowly.))
You can spit poison.
((You have a snake-like lower body.))


Message History

You feel much better. Eustachio hits you but does no damage.
The wight hits you from afar with a +4 spear!
* * * LOW HITPOINT WARNING * * *
The jelly quivers.
You hit Eustachio.
Eustachio is moderately wounded.
Eustachio hits you with a +0 rapier.
* * * LOW HITPOINT WARNING * * *
The wight hits you but does no damage.
You barely miss Eustachio.
Eustachio is moderately wounded.
Eustachio mumbles some strange words.
Eustachio blinks!
The wight hits you but does no damage.
You hit the jelly.
Your branches burn!
* * * LOW HITPOINT WARNING * * *
The jelly is lightly wounded.
The jelly hits you but does no damage. The wight hits you but does no damage.
The jelly hits you but does no damage.
You hit the jelly.
Your branches burn!
* * * LOW HITPOINT WARNING * * *
The jelly is moderately wounded.
The jelly hits you but does no damage.
You barely miss the jelly.
The jelly is moderately wounded.
The jelly hits you but does no damage. The wight hits you with a +3 falchion.
* * * LOW HITPOINT WARNING * * *
You hit the jelly. The acid corrodes you!
Your branches burn!
* * * LOW HITPOINT WARNING * * *
The jelly is severely wounded.
The jelly hits you but does no damage. The wight hits you with a +3 falchion.
* * * LOW HITPOINT WARNING * * *
Eustachio casts a spell.
Eustachio blinks!
Okay, then.
As you read the scroll labelled YPNUT JALOIXT, it crumbles to dust.
You feel a strange sense of stasis.
It was a scroll of teleportation.
The jelly hits you but does no damage. The wight hits you with a +3 falchion.
* * * LOW HITPOINT WARNING * * *
You feel drained.
You die...

#.. #### #.# ..#
#.# #.# #.#
####.#### #.#
#<.....)#####.##
#........))....#
#........####..#
..>........J♣zrz.##
.
###........#####..#
.. #.......## ##.#
... #.......# #.#
.... #######.# #.#
...5h #.
####h##....zz
#...z...z.#
#.##......h.. #
#..#...#.#


You could see a jelly, 2 wights and a river rat (summoned).

Vanquished Creatures
  Grinder (D:4)
  2 kobold brigands (Sewer)
  2 jellies
  An orc priest (D:3)
  A hound (D:4)
  2 orc wizards
  Ijyb (D:4)
  7 gnolls (D:3)
  5 adders
  A river rat (Sewer)
  3 dart slugs
  3 worms (D:2)
  16 orcs
  7 bats
  10 endoplasms
  2 giant cockroaches
  5 goblins
  4 hobgoblins
  3 jackals
  8 quokkas
  6 ball pythons
  7 frilled lizards
  8 kobolds
  11 rats
116 creatures vanquished.

Vanquished Creatures (collateral kills)
  An orc priest (D:3)
  An orc (D:3)
2 creatures vanquished.

Vanquished Creatures (others)
  An orc priest (D:3)
  18 fungi (D:4)
  5 plants (D:3)
24 creatures vanquished.

Grand Total: 142 creatures vanquished

Notes
Turn   | Place    | Note
-------+----------+-------------------------------------------
     0 | D:1      | oldriver the Naga Artificer began the quest for the Orb.
     0 | D:1      | Reached XP level 1. HP: 18/18 MP: 1/1
   116 | D:1      | Reached skill level 2 in Stealth
   209 | D:1      | Reached XP level 2. HP: 22/25 MP: 2/2
   451 | D:1      | Reached skill level 3 in Stealth
   661 | D:2      | Reached XP level 3. HP: 28/32 MP: 3/3
   766 | D:2      | Reached skill level 1 in Short Blades
  1046 | D:2      | Reached XP level 4. HP: 20/39 MP: 4/4
  1609 | D:3      | Reached skill level 4 in Stealth
  1702 | D:3      | Reached XP level 5. HP: 39/46 MP: 5/5
  1771 | D:3      | Found a glowing drain.
  1775 | Sewer    | Entered a sewer
  1840 | Sewer    | Noticed a kobold brigand
  1872 | Sewer    | Killed a kobold brigand
  1873 | Sewer    | Reached skill level 5 in Stealth
  1934 | Sewer    | Noticed a kobold brigand
  2185 | Sewer    | Killed a kobold brigand
  2186 | Sewer    | Reached XP level 6. HP: 39/56 MP: 6/6
  2354 | Sewer    | Found a white marble altar of Elyvilon.
  2550 | D:3      | Found a blossoming altar of Fedhas.
  3207 | D:3      | Identified the +8 falchion "Oqown" {vorpal, Dex+5}
  3222 | D:3      | Reached XP level 7. HP: 47/62 MP: 7/7
  3284 | D:3      | Found a shadowy altar of Dithmenos.
  3315 | D:3      | Reached skill level 6 in Stealth
  3567 | D:3      | Found a glowing silver altar of Zin.
  3866 | D:4      | Reached skill level 1 in Long Blades
  3992 | D:4      | Found a hide-covered altar of Uskayaw.
  4006 | D:4      | Found a staircase to the Ecumenical Temple.
  4008 | D:4      | Noticed Ijyb
  4012 | D:4      | Killed Ijyb
  4240 | Temple   | Entered the Ecumenical Temple
  4313 | D:4      | Found a basalt altar of Yredelemnul.
  4363 | D:4      | Reached skill level 1 in Dodging
  4436 | D:4      | Noticed Grinder
  4446 | D:4      | Paralysed by Grinder for 5 turns
  4451 | D:4      | Killed Grinder
  4623 | D:5      | Entered Level 5 of the Dungeon
  4672 | D:5      | Noticed Eustachio
  4697 | D:5      | HP: 3/93 [wight/+3 falchion (4)]
  4698 | D:5      | HP: 1/93 [wight/+3 falchion (3)]
  4698 | D:5      | Slain by a wight

Illustrated notes

Levels and vault maps discovered:
D:1:      dpeg_arrival_rooms_a, layout_basic
D:2:      layout_rooms
D:3:      layout_loops_ring, mainiacjoe_overflow_alcove_2,
          grunt_dithmenos_smoke, fedhas_ov_isle_minmay, gup_sewer_entry_spiral
D:4:      layout_rooms, general_overflow_altar, overflow_temple_1_default,
          minmay_temple_entry_tees, serial_aquarium, aquarium_bridge_square
          [aquarium_subvault_wall, aquarium_subvault_wall,
          aquarium_subvault_balcony, aquarium_subvault_bridge],
          aquarium_bridge_square [aquarium_subvault_wall,
          aquarium_subvault_window, aquarium_subvault_bridge,
          aquarium_subvault_window], aquarium_window_2, aquarium_window_corner,
          aquarium_view_2d, uniq_ijyb, uniq_grinder
D:5:      layout_loops_ring, st_stairs_9, uniq_eustachio
Temple:   nicolae_temple_ecumenical_triangle

Skill      XL: |  1  2  3  4  5  6  7 |
---------------+----------------------+-----
Stealth        | 2 3 4 5 6 |  6.9
Fighting       | 2 3 4 |  4.2
Short Blades   | 1 2 3 4 |  4.4
Long Blades    | 2 |  2.9
Dodging        | 1 |  1.7
Armour         | |  1.5
Evocations     | |  3.0

Action                   |  1- 3 |  4- 6 |  7- 9 || total
-------------------------+-------+-------+-------++-------
Melee: Club              |    24 |       |       ||    24
       Punch             |     1 |     1 |       ||     2
       Short sword       |    48 |   129 |       ||   177
       Falchion          |       |       |    65 ||    65
 Fire: Sling             |    20 |       |       ||    20
Throw: Dart              |       |     2 |       ||     2
 Abil: Spit Poison       |    26 |    23 |    11 ||    60
Evoke: Wand              |       |     7 |     5 ||    12
  Use: Scroll            |       |     6 |     2 ||     8
       Potion            |       |       |     3 ||     3
 Stab: Sleeping          |       |     6 |     3 ||     9
       Distracted        |       |       |     1 ||     1
Armor: Leather armour    |    27 |    31 |    27 ||    85
       Skin              |       |       |    10 ||    10
Dodge: Dodged            |    58 |    64 |    29 ||   151

Table legend: (Time is in decaauts)
 A = Elapsed time spent in this place.
 B = Non-inter-level travel time spent in this place.
 C = Inter-level travel time spent in this place.
 D = Time resting spent in this place.
 E = Time spent auto-exploring this place.
 F = Levels seen in this place.
 G = Mean time per level.
                   A        B        C        D        E       F      G
               +--------+--------+--------+--------+--------+-----+--------+
         Total |   5693 |   5597 |     96 |   1240 |   2833 |   7 |  813.3 |
       Dungeon |   4856 |   4760 |     96 |    910 |   2548 |   5 |  971.2 |
        Temple |     69 |     69 |      0 |      0 |     39 |   1 |   69.0 |
         Sewer |    767 |    767 |      0 |    330 |    246 |   1 |  767.0 |
               +--------+--------+--------+--------+--------+-----+--------+

Top non-repeatable levels by time:
     D:3: 1974 daAuts
     D:2: 1235 daAuts
     D:4: 850 daAuts
   Sewer: 767 daAuts
     D:1: 706 daAuts
     D:5: 89 daAuts
  Temple: 69 daAuts
